 Dungeon Crawl Stone Soup version 0.31-a0-360-gb3e1d13bf4 (webtiles) character file.

Game seed: 224456764843552582

53679 dohliylev the Imperceptible (level 14, -7/78 HPs)
             Began as a Vampire Enchanter on June 16, 2023.
             Was a High Priest of Dithmenos.
             Mangled by a five-headed hydra (9 damage)
             ... on level 4 of the Lair of Beasts on July 26, 2023.
             The game lasted 01:28:47 (19686 turns).

dohliylev the Imperceptible (Vampire Enchanter)    Turns: 19686, Time: 01:28:49

Health: -7/78      AC: 11    Str:  8    XL:     14   Next: 31%
Magic:  29/29      EV: 18    Int: 22    God:    Dithmenos [*****.]
Gold:   1155       SH:  9    Dex: 28    Spells: 4/35 levels left

rFire   . . .        g - +6 quick blade "Spider's Death" {venom, rElec Str+4 Int+2}
rCold   + + +        L - +3 buckler {reflect}
rNeg    + + +        Z - +4 skin of Zhor {*Englaciate rC+++ SInv}
rPois   ∞            (no helmet)
rElec   +            E - +1 cloak of the Sixty-Six Dances {Int+2}
rCorr   .            N - +0 pair of gloves
SInv    +            B - +1 pair of boots of Noon {rPois Str-3 Dex+5}
Will    +....        f - amulet of magic regeneration Stlth **********
                     d - ring "Cishaenor" {rPois rC+ Dex+4 Stlth+}
HPRegen 0.00/turn    A - ring of wizardry
MPRegen 0.61/turn

%: reflection, wizardry (x1)
@: bloodless, inhibited regen, wreathed by umbra
A: bloodless, fangs 3, see invisible, vampiric 2
a: Bat Form, Revivify, Renounce Religion, Shadow Step, Shadow Form


You were on level 4 of the Lair of Beasts.
You worshipped Dithmenos.
Dithmenos was extremely pleased with you.
You visited 3 branches of the dungeon, and saw 16 of its levels.
You also visited: Bailey and Gauntlet.

You collected 1155 gold pieces.

Inventory:

Hand Weapons
 g - the +6 quick blade "Spider's Death" (weapon) {venom, rElec Str+4 Int+2}
   (You acquired it in a bailey)

   Str:       It affects your strength (+4).
   Int:       It affects your intelligence (+2).
   rElec:     It insulates you from electricity.
 v - the +4 dagger of Dissatisfaction {flame, Int+2 Dex+5}
   (You found it on level 3 of the Lair of Beasts)

   Int:       It affects your intelligence (+2).
   Dex:       It affects your dexterity (+5).
Missiles
 x - 20 poisoned darts (quivered)
Armour
 w - a +1 robe of resistance
 B - the +1 pair of boots of Noon (worn) {rPois Str-3 Dex+5}
   (You found it in a Gauntlet)

   Str:       It affects your strength (-3).
   Dex:       It affects your dexterity (+5).
   rPois:     It protects you from poison.
 E - the +1 cloak of the Sixty-Six Dances (worn) {Int+2}
   (You found it on level 6 of the Dungeon)

   Int:       It affects your intelligence (+2).
 L - a +3 buckler of reflection (worn)
 M - a scarf of resistance
 N - a +0 pair of gloves (worn)
 O - +0 swamp dragon scales
 P - a scarf of invisibility
 T - +0 steam dragon scales
 Z - the +4 skin of Zhor (worn) {*Englaciate rC+++ SInv}
   (You found it on level 3 of the Lair of Beasts)

   *Englaciate: It radiates cold, occasionally slowing all nearby creatures who
   are not resistant to cold.
   rC:        It renders you almost immune to cold.
   SInv:      It lets you see invisible.
Jewellery
 d - the ring "Cishaenor" (left hand) {rPois rC+ Dex+4 Stlth+}
   (You acquired it in a bailey)

   [ring of protection from cold]

   Dex:       It affects your dexterity (+4).
   rC:        It protects you from cold.
   rPois:     It protects you from poison.
   Stlth:     It makes you more stealthy.
 f - an amulet of magic regeneration (around neck)
 m - a ring of flight
 q - a ring of resist corrosion
 u - a ring of protection from fire
 A - a ring of wizardry (right hand)
Wands
 h - a wand of paralysis (37)
 l - a wand of roots (11)
 C - a wand of light (5)
 R - a wand of flame (33)
 S - a wand of mindburst (12)
 W - a wand of polymorph (7)
Scrolls
 j - 5 scrolls of amnesia
 n - a scroll of summoning
 s - 5 scrolls of revelation
 y - 3 scrolls of blinking
 F - 3 scrolls of fear
 G - 3 scrolls of fog
 J - 2 scrolls of silence
 Q - 4 scrolls of teleportation
 U - 2 scrolls of enchant weapon
 X - 2 scrolls of identify
Potions
 a - 5 potions of lignification {unknown}
 b - a potion of berserk rage {unknown}
 c - 3 potions of invisibility
 e - 4 potions of enlightenment {unknown}
 i - a potion of attraction {unknown}
 k - 2 potions of ambrosia {unknown}
 o - 2 potions of brilliance {unknown}
 p - 3 potions of might {unknown}
 r - 2 potions of haste {unknown}
 t - a potion of mutation {unknown}
 D - 2 potions of curing {unknown}
 H - a potion of resistance {unknown}
 I - a potion of magic {unknown}
 K - 6 potions of heal wounds {unknown}
Miscellaneous
 V - a phantom mirror
 Y - a sack of spiders


   Skills:
 + Level 5.5 Fighting
 + Level 8.2 Short Blades
 + Level 2.0 Throwing
 + Level 6.6 Dodging
 + Level 22.6 Stealth
 + Level 1.5 Shields
 + Level 11.4 Spellcasting
 + Level 0.5 Conjurations
 + Level 14.7 Hexes
 + Level 1.0 Translocations
 + Level 2.4 Transmutations
 + Level 2.1 Fire Magic
 + Level 1.2 Air Magic
 + Level 4.1 Poison Magic


You had 4 spell levels left.
You knew the following spells:

 Your Spells              Type           Power      Damage    Failure   Level
a - Ensorcelled Hibernat  Hex/Ice        90%        N/A       1%          2
b - Confusing Touch       Hex            67%        N/A       1%          3
c - Tukima's Dance        Hex            67%        N/A       1%          3
d - Dazzling Flash        Conj/Hex       92%        N/A       1%          3
e - Teleport Other        Tloc           16%        N/A       6%          3
f - Gell's Gravitas       Tloc           16%        N/A       6%          3
g - Poisonous Vapours     Pois/Air       48%        N/A       1%          2
h - Ignite Poison         Fire/Tmut/Pois 25%        N/A       3%          3
i - Olgreb's Toxic Radia  Pois           30%        N/A       6%          4
j - Lee's Rapid Deconstr  Erth           6%         3d6*      63%         5

Your spell library contained the following spells:

 Spells                   Type           Power      Damage    Failure   Level
 Foxfire                  Conj/Fire      72%        2x1d7     1%          1
 Sting                    Tmut/Pois      100%       1d8       1%          1
 Scorch                   Fire           44%        2d6       1%          2
 Portal Projectile        Hex/Tloc       94%        N/A       1%          3
 Anguish                  Hex/Necr       22%        N/A       1%          4
 Cause Fear               Hex            33%        N/A       1%          4
 Fulminant Prism          Conj/Hex       23%        3d12      1%          4
 Leda's Liquefaction      Hex/Erth       22%        N/A       1%          4
 Sandblast                Erth           24%        2d8       3%          1
 Lesser Beckoning         Tloc           32%        N/A       3%          2
 Volatile Blastmotes      Fire/Tloc      38%        2d13      5%          3
 Stone Arrow              Conj/Erth      26%        3d8       9%          3
 Call Canine Familiar     Summ           12%        N/A       10%         3
 Flame Wave               Conj/Fire      18%        2d7       19%         4
 Sticky Flame             Conj/Fire      18%        2d4       19%         4
 Iskenderun's Mystic Bla  Conj/Tloc      15%        2d5       24%         4
 Animate Armour           Summ/Erth      24%        N/A       32%         4
 Enfeeble                 Hex            33%        N/A       6%          7
 Freezing Cloud           Conj/Ice/Air   7%         6-21      54%         5
 Plasma Beam              Fire/Air       10%        2x1d21    91%         6
 Summon Cactus Giant      Summ           6%         N/A       99%         6
 Malign Gateway           Summ/Tloc      7%         N/A       100%        7
 Spellforged Servitor     Conj/Summ      6%         N/A       100%        7
 Ignition                 Fire           11%        3d5       100%        8
 Lehudib's Crystal Spear  Conj/Erth      6%         10d3      100%        8
 Summon Horrible Things   Summ           6%         N/A       100%        8


Dungeon Overview and Level Annotations

Branches:
Dungeon (11/15)            Temple (1/1) D:5            Lair (4/5) D:11
 Shoals (0/4) Lair:2       Spider (0/4) Lair:3          Orc (0/2) D:11
 Bailey (visited)         Gauntlet (visited)
  Slime: Lair:4-5

Altars:
Ashenzari
Cheibriados
Dithmenos
Fedhas
Gozag
Hepliaklqana
Kikubaaqudgha
Makhleb
Nemelex Xobeh
Okawaru
Qazlal
Ru
Sif Muna
Trog
Uskayaw
Vehumet
Wu Jian
Xom
Yredelemnul

Shops:
D:7 :   D:8 (


Innate Abilities, Weirdness & Mutations

You do not regenerate when monsters are visible.
You are frail without blood (-20% HP).
You can heal yourself when you bite living creatures.
You are immune to poison.
You have razor-sharp teeth.
You have supernaturally acute eyesight. (SInv)
You are afflicted with vampirism and can become a bat while bloodless.


Message History

The five-headed hydra is engulfed in blazing flames.
The vampire mosquito is engulfed in blazing flames.
The swamp dragon is engulfed in blazing flames.
The five-headed hydra is engulfed in blazing flames.
The vampire mosquito is engulfed in blazing flames.
The swamp dragon is engulfed in blazing flames.
The swamp worm is engulfed in blazing flames.
The goliath frog is no longer moving slowly.
The swamp dragon is engulfed in blazing flames.
The swamp worm is engulfed in blazing flames.
The swamp worm is engulfed in blazing flames.
You kill the swamp worm!
Dithmenos accepts your kill. The five-headed hydra bites you.
* * * LOW HITPOINT WARNING * * *
The five-headed hydra bites you but does no damage.
The five-headed hydra completely misses you.
The five-headed hydra closely misses you.
The five-headed hydra misses you.
You hit the vampire mosquito.
You destroy the vampire mosquito!
Dithmenos accepts your kill.
A yak comes into view.
A yak comes into view.
A yak comes into view. x2
The five-headed hydra attacks as you move away!
The five-headed hydra barely misses you.
The five-headed hydra misses you. The five-headed hydra bites you.
* * * LOW HITPOINT WARNING * * *
The five-headed hydra bites you.
* * * LOW HITPOINT WARNING * * *
The five-headed hydra bites you but does no damage.
The yak bellows! x2; You hear a bellow!
The yak bellows!
The five-headed hydra attacks as you move away!
The five-headed hydra bites you.
* * * LOW HITPOINT WARNING * * *
The five-headed hydra misses you.
The five-headed hydra bites you but does no damage.
The five-headed hydra bites you!
You die...

.................#....#.....###.#
##.....#...P........P.P.......###
#......#...#...P....#...y.....y..
#......# ...............#†..D..y.
#......# ...........P....#.D.....
....... ..P......>....y#D...y...
...#. PP..#..........##.......
...# .........F......#.......
..... ....#..@##.....#........
...#.. .Y..Y.#D.#....D.#.......
...... ....#...##D.............
.....P. ......Pyy.y.......#.....
...P... ......#.#y...#....P.....
....... ........##...#..........
.....# .YY......≈...#....#.....
.≈≈≈≈#≈ ≈≈.≈≈≈≈≈≈###############
.≈≈≈≈≈≈ ≈#.~#≈≈#≈


You could see a five-headed hydra, a goliath frog, 3 yaks and 3 vampire
mosquitoes.

Vanquished Creatures
  A minotaur (Gauntlet)
  Snorg (Lair:3)
  An ettin (shapeshifter) (D:11)
  2 hydras
  Erica (Lair:2)
  3 two-headed ogres
  5 death yaks
  Sonja (Lair:1)
  A skyshark (Lair:4)
  Amaemon (D:8)
  2 deep elf pyromancers (D:11)
  Pikel (D:6)
  A deep elf zephyrmancer (D:11)
  A necromancer (Gauntlet)
  A cyclops (D:8)
  2 ugly things
  3 black mambas
  3 merfolk sirens (Lair:2)
  Maggie (D:8)
  An orange demon (D:8)
  8 cane toads
  A gargoyle (D:10)
  A torpor snail (Lair:3)
  Psyche (D:8)
  2 unseen horrors
  8 rime drakes
  A kobold demonologist (D:9)
  14 komodo dragons
  A merfolk (Lair:2)
  3 meliai (Gauntlet)
  A troll (D:11)
  Prince Ribbit (D:8)
  5 hornets
  2 polar bears
  9 blink frogs (Lair:3)
  3 slime creatures
  Sigmund (D:4)
  4 jumping spiders (Lair:3)
  A shadow (D:9)
  A culicivora (Lair:3)
  A vampire (D:9)
  A wraith (D:9)
  62 yaks
  14 wyverns
  Eustachio (D:5)
  4 redbacks (Lair:3)
  2 steam dragons (D:9)
  3 vampire mosquitoes (Lair:4)
  2 acid dragons
  A swamp worm (Lair:4)
  15 water moccasins
  Duvessa (D:7)
  3 orc warriors
  A sky beast (D:8)
  4 black bears
  24 wolves
  An ogre (D:5)
  2 ice beasts (D:8)
  9 centaurs
  A phantom (D:5)
  12 gnoll sergeants
  2 kobold brigands
  Blork the orc (D:6)
  A scorpion (D:11)
  13 bullfrogs
  6 wights
  Dowan (D:7)
  6 killer bees (D:10)
  8 howler monkeys
  8 hounds
  An orc priest (D:9)
  Crazy Yiuf (D:6)
  7 gnoll boudas
  4 jellies
  Natasha (D:5)
  4 iguanas
  2 sleepcaps
  Ijyb (D:4)
  6 orc wizards
  24 gnolls
  8 adders
  3 shadow imps
  2 white imps
  A dart slug (D:1)
  22 orcs
  3 ball pythons (D:1)
  9 bats
  3 endoplasms
  7 giant cockroaches
  7 goblins
  3 hobgoblins
  3 jackals (D:2)
  11 kobolds
  2 quokkas
  A frilled lizard (D:3)
  A jackal zombie (D:8)
  4 rats
  A butterfly (Lair:1)
453 creatures vanquished.

Vanquished Creatures (collateral kills)
  A yak (D:11)
  A water moccasin (D:11)
  A centaur (D:10)
3 creatures vanquished.

Vanquished Creatures (others)
  A dancing weapon (D:10)
  A human zombie (D:8)
2 creatures vanquished.

Grand Total: 458 creatures vanquished

Notes
Turn   | Place    | Note
-------+----------+-------------------------------------------
     0 | D:1      | dohliylev the Vampire Enchanter began the quest for the
                  | Orb.
     0 | D:1      | Reached XP level 1. HP: 13/13 MP: 3/3
   123 | D:1      | Reached skill level 5 in Hexes
   123 | D:1      | Reached XP level 2. HP: 17/19 MP: 5/5
   126 | D:1      | Learned a level 2 spell: Ensorcelled Hibernation
   134 | D:1      | Found a faded altar of an unknown god.
   377 | D:1      | Reached skill level 5 in Stealth
   583 | D:2      | Gained mutation: You are afflicted with vampirism and can
                  | become a bat while bloodless. [Vampire growth]
   583 | D:2      | Reached XP level 3. HP: 24/24 MP: 6/6
  1290 | D:3      | Found a sacrificial altar of Ru.
  1295 | D:3      | Reached skill level 6 in Stealth
  1320 | D:3      | Reached XP level 4. HP: 24/30 MP: 7/7
  1656 | D:3      | Found a stormy altar of Qazlal.
  2138 | D:4      | Noticed Ijyb
  2165 | D:4      | Reached skill level 1 in Throwing
  2191 | D:4      | Killed Ijyb
  2192 | D:4      | Reached XP level 5. HP: 36/36 MP: 5/8
  2293 | D:4      | Noticed Sigmund
  2293 | D:4      | Noticed a black bear
  2403 | D:4      | Killed a black bear
  2404 | D:4      | Reached skill level 7 in Stealth
  2501 | D:4      | Noticed Natasha
  2531 | D:5      | Entered Level 5 of the Dungeon
  2531 | D:5      | Found an ornate altar of the Wu Jian Council.
  2748 | D:4      | Reached XP level 6. HP: 42/42 MP: 7/10
  2933 | D:4      | Killed Sigmund
  2934 | D:4      | Reached skill level 1 in Fighting
  3083 | D:5      | Reached skill level 8 in Stealth
  3184 | D:5      | Noticed Eustachio
  3191 | D:5      | Killed Eustachio
  3192 | D:5      | Reached XP level 7. HP: 48/48 MP: 6/12
  3274 | D:5      | Found a staircase to the Ecumenical Temple.
  3408 | Temple   | Entered the Ecumenical Temple
  3414 | Temple   | Became a worshipper of Dithmenos the Shadowed
  3617 | D:5      | Upgraded the game from 0.31-a0-175-g9f7f995f2b to
                  | 0.31-a0-358-gac0dbeb3ab
  3653 | D:5      | Reached skill level 9 in Stealth
  3821 | D:5      | Reached XP level 8. HP: 55/55 MP: 14/14
  4364 | D:5      | Killed Natasha
  4650 | D:6      | Noticed Pikel
  4675 | D:6      | Killed Pikel
  4676 | D:6      | Reached skill level 10 in Stealth
  4676 | D:6      | Reached skill level 5 in Spellcasting
  4828 | D:6      | Reached skill level 11 in Stealth
  4954 | D:6      | Learned a level 3 spell: Confusing Touch
  4970 | D:6      | Reached XP level 9. HP: 32/61 MP: 7/17
  5060 | D:6      | Noticed Blork the orc
  5066 | D:6      | Killed Blork the orc
  5174 | D:6      | Identified the +1 cloak of the Sixty-Six Dances {Int+2}
  5450 | D:6      | Found a runed translucent door.
  5451 | D:6      | Noticed Crazy Yiuf
  5458 | D:6      | Killed Crazy Yiuf
  5516 | D:7      | Found Efyitama's Tiny Tomes.
  5678 | D:7      | Found a snail-covered altar of Cheibriados.
  5771 | D:7      | Reached * piety under Dithmenos
  5799 | D:7      | Reached skill level 12 in Stealth
  6270 | D:7      | Found an ancient bone altar of Kikubaaqudgha.
  6389 | D:7      | Noticed Duvessa
  6389 | D:7      | Noticed Dowan
  6414 | D:7      | Killed Duvessa
  6450 | D:7      | Killed Dowan
  6901 | D:8      | Identified 2 scrolls of acquirement
  6902 | D:8      | Noticed a cyclops
  6902 | D:8      | Noticed a red ugly thing
  6903 | D:8      | Killed a red ugly thing
  6904 | D:8      | Reached skill level 13 in Stealth
  6968 | D:8      | Noticed Psyche
  6973 | D:8      | Found an opulent altar of Gozag.
  6994 | D:8      | Killed Psyche
  6995 | D:8      | Reached skill level 10 in Hexes
  7121 | D:8      | Found a runed translucent door.
  7127 | D:8      | Found a basalt altar of Yredelemnul.
  7242 | D:8      | Found a flagged portal.
  7269 | Bailey   | Entered a bailey
  7304 | Bailey   | Reached XP level 10. HP: 14/68 MP: 15/20
  7529 | Bailey   | Reached skill level 14 in Stealth
  7716 | Bailey   | Reached ** piety under Dithmenos
  8136 | Bailey   | Learned a level 3 spell: Tukima's Dance
  8140 | Bailey   | Learned a level 3 spell: Dazzling Flash
  8343 | Bailey   | Acquired the +6 quick blade "Spider's Death" {venom, rElec
                  | Str+4 Int+2}
  8346 | Bailey   | Acquired the ring "Cishaenor" {rPois rC+ Dex+4 Stlth+}
  8637 | D:8      | Noticed Amaemon
  8637 | D:8      | Noticed an orange demon
  8653 | D:8      | Killed Amaemon
  8654 | D:8      | Reached skill level 5 in Dodging
  8797 | D:8      | Killed an orange demon
  9183 | D:8      | Found Fokloomm's Weapon Emporium.
  9201 | D:8      | Learned a level 3 spell: Teleport Other
  9205 | D:8      | Learned a level 3 spell: Gell's Gravitas
  9205 | D:8      | Upgraded the game from 0.31-a0-358-gac0dbeb3ab to
                  | 0.31-a0-360-gb3e1d13bf4
  9339 | D:8      | Noticed Prince Ribbit
  9340 | D:8      | Noticed Maggie
  9344 | D:8      | Killed Prince Ribbit
  9345 | D:8      | Reached skill level 15 in Stealth
  9346 | D:8      | Killed Maggie
  9398 | D:8      | Noticed a two-headed ogre
  9993 | D:9      | Reached XP level 11. HP: 70/75 MP: 17/22
 10236 | D:9      | Reached skill level 5 in Short Blades
 10237 | D:9      | Reached *** piety under Dithmenos
 10238 | D:9      | Reached skill level 16 in Stealth
 10665 | D:9      | Noticed a two-headed ogre
 10684 | D:9      | Killed a two-headed ogre
 10783 | D:9      | Noticed a white ugly thing
 10808 | D:9      | Killed a white ugly thing
 10809 | D:9      | Reached skill level 17 in Stealth
 10859 | D:9      | Got the Compilation of Flames
 11016 | D:9      | Noticed a two-headed ogre
 11023 | D:9      | Killed a two-headed ogre
 11760 | D:8      | Reached XP level 12. HP: 73/83 MP: 9/25
 11983 | D:8      | Killed a two-headed ogre
 11991 | D:8      | Reached skill level 18 in Stealth
 12243 | D:10     | Entered Level 10 of the Dungeon
 12319 | D:10     | Found a broken altar of Ashenzari.
 12396 | D:10     | Found a transporter.
 12788 | D:10     | Identified the +2 flail "Faes" {venom, rC+ Will+ rCorr
                  | Dex-4}
 12851 | D:10     | Found a transporter.
 13368 | D:11     | Found a staircase to the Lair.
 13699 | D:11     | Noticed an anaconda
 13701 | D:11     | an anaconda changed into an ettin
 13701 | D:11     | Noticed an ettin (shapeshifter)
 13722 | D:11     | Reached skill level 19 in Stealth
 13728 | D:11     | Killed an ettin
 13875 | D:11     | Got the Incunabulum of Sand
 13882 | D:11     | Got the Anthology of Combed Thunderclap
 13921 | D:11     | Got the Codex of Plaster Cramp
 13979 | D:11     | Found a staircase to the Orcish Mines.
 14155 | Lair:1   | Entered Level 1 of the Lair of Beasts
 14170 | Lair:1   | Reached skill level 10 in Spellcasting
 14425 | Lair:1   | Noticed Sonja
 14438 | Lair:1   | Killed Sonja
 14664 | Lair:1   | Identified the +3 quarterstaff "Temewk" {speed, Dex+4}
 14665 | Lair:1   | Noticed a death yak
 14665 | Lair:1   | Noticed a death yak
 14668 | Lair:1   | Noticed a death yak
 14668 | Lair:1   | Noticed a death yak
 14669 | Lair:1   | Noticed a death yak
 14702 | Lair:1   | Killed a death yak
 14703 | Lair:1   | Reached skill level 20 in Stealth
 14872 | Lair:2   | Killed a death yak
 14873 | Lair:2   | Reached XP level 13. HP: 48/72 MP: 9/27
 14976 | Lair:2   | Identified the +1 rapier of Bloodstone {freeze, rElec}
 15428 | Lair:2   | Found a staircase to the Shoals.
 15433 | Lair:2   | Noticed Erica
 15436 | Lair:2   | Reached skill level 5 in Fighting
 15462 | Lair:2   | Killed Erica
 15463 | Lair:2   | Reached skill level 1 in Shields
 15602 | Lair:2   | Reached **** piety under Dithmenos
 16310 | Lair:1   | Learned a level 2 spell: Poisonous Vapours
 16314 | Lair:1   | Learned a level 3 spell: Ignite Poison
 16319 | Lair:1   | Learned a level 4 spell: Olgreb's Toxic Radiance
 16325 | Lair:1   | Learned a level 5 spell: Lee's Rapid Deconstruction
 16638 | Lair:1   | Reached skill level 1 in Poison Magic
 16703 | Lair:1   | Reached skill level 1 in Air Magic
 16715 | Lair:1   | Reached skill level 21 in Stealth
 16957 | Lair:3   | Found the +16 obsidian axe {drain, demonic, Mesm Drain Fly
                  | SInv}
 16976 | Lair:3   | Reached skill level 1 in Transmutations
 17055 | Lair:3   | Found a gate leading to a gauntlet.
 17062 | Gauntlet | Entered a Gauntlet
 17062 | Gauntlet | Found a transporter.
 17062 | Gauntlet | Found a runed translucent gate.
 17062 | Gauntlet | Found a transporter.
 17157 | Gauntlet | Found a transporter.
 17158 | Gauntlet | Found a runed translucent gate.
 17158 | Gauntlet | Found a runed translucent gate.
 17169 | Gauntlet | Found a transporter.
 17186 | Gauntlet | Found a transporter.
 17187 | Gauntlet | Found a transporter.
 17187 | Gauntlet | Found a transporter.
 17189 | Gauntlet | Found a transporter.
 17189 | Gauntlet | Found a transporter.
 17194 | Gauntlet | Found a runed translucent door.
 17194 | Gauntlet | Found a runed translucent door.
 17201 | Gauntlet | Found a transporter.
 17217 | Gauntlet | Found a transporter.
 17227 | Gauntlet | Found a transporter.
 17241 | Gauntlet | Found a transporter.
 17275 | Gauntlet | Found a transporter.
 17789 | Gauntlet | Identified the +1 pair of boots of Noon {rPois Str-3 Dex+5}
 17841 | Gauntlet | Identified the +5 hand axe "Newtslayer" {venom, *Slow Fly
                  | rElec Dex+8}
 17841 | Gauntlet | Noticed a minotaur
 17858 | Gauntlet | Killed a minotaur
 17956 | Gauntlet | Identified the staff "Exzuddor" {rElec Str+4 Dex+3 Air}
 17992 | Lair:3   | Reached skill level 1 in Fire Magic
 18128 | Lair:3   | Reached ***** piety under Dithmenos
 18389 | Lair:3   | Noticed Snorg
 18400 | Lair:3   | Killed Snorg
 18473 | Lair:3   | Identified the +4 dagger of Dissatisfaction {flame, Int+2
                  | Dex+5}
 18580 | Lair:3   | Found the +4 skin of Zhor {*Englaciate rC+++ SInv}
 18823 | Lair:3   | Reached XP level 14. HP: 78/78 MP: 29/29
 18998 | Lair:3   | Reached skill level 1 in Translocations
 19004 | Lair:3   | Found a hole to the Spider Nest.
 19224 | Lair:3   | Reached skill level 22 in Stealth
 19686 | Lair:4   | HP: 2/78 [five-headed hydra (3)]
 19686 | Lair:4   | Mangled by a five-headed hydra

Illustrated notes

Levels and vault maps discovered:
D:1:      minmay_arrival_open_corners, layout_rooms,
          dreamdust_ecumenical_altar_grove, amcnicky_mini_corridor_feature,
          st_stairs_5, minivault_25, hex_medium
D:2:      layout_loops_ring
D:3:      layout_basic, nicolae_ru_great_annihilating_truth,
          amcnicky_altar_gilded
D:4:      layout_rooms, uniq_ijyb, uniq_sigmund, uniq_natasha
D:5:      nicolae_cairo_tiling_large_dashed, layout_loops_cross,
          mainiacjoe_overflow_chevrons, pf_just_have_faith,
          hangedman_decor_peaks_small, kb_lookout_dungeons_type, uniq_eustachio
D:6:      layout_cave_pools, st_stairs_11, uniq_blork_the_orc,
          uniq_crazy_yiuf_cottage, uniq_pikel
D:7:      layout_loops_ring, cheibriados_altar_1,
          nicolae_overflow_hidden_temple, kennysheep_crisscross,
          nicolae_shop_i_like_small_books_too, minmay_door_square, minivault_5,
          dk_vineyard_2, uniq_duvessa
D:8:      wad_statue_garden, layout_basic, nicolae_overflow_crystal_walls,
          dk_yredelemnul_ordeal, enter_bailey_7, minmay_gold_behind_fungi,
          kennysheep_windowed_goal, uniq_maggie, uniq_amaemon, uniq_psyche,
          uniq_prince_ribbit1
D:9:      minmay_imperfect_grid, layout_stronghold, chequers_arboretum
D:10:     layout_stronghold, mainiacjoe_overflow_cross_hatched, st_stairs_9,
          chequers_decorated_corner, nicolae_diode_stairs
D:11:     layout_small_grid, minmay_lair_entry_grove, orc_0_dummy,
          bh_hangedman_babel_library
Temple:   nicolae_temple_x_marks_the_god
Lair:1:   layout_regular_city, nicolae_quartered_pool_little, minivault_11,
          lemuel_fruit_fields, uniq_sonja
Lair:2:   layout_layer_cave, elwin_shoals_entry_stream, serial_bayou_pond_d,
          uniq_erica
Lair:3:   cheibrodos_lair_river_kwai, layout_cave_shapes,
          nicolae_spider_entry_tight_spaces, gauntlet_entry_generic,
          wad_woods_road_02, dreamdust_deal_with_the_devil,
          hellmonk_guarded_unrand_zhor, uniq_snorg
Lair:4:   onia_ninara_swampy_vault, layout_long_grid,
          minmay_slime_entry_oklob_enclosed, dreamdust_mushroom_princess,
          beast_lair_carwin_1

Skill      XL: |  1  2  3  4  5  6  7  8  9 10 11 12 13 14 |
---------------+-------------------------------------------+-----
Hexes          | 5 6 7 8 10 11 12 14 | 14.7
Stealth        | 5 6 7 8 9 11 13 15 17 20 21 22 | 22.6
Throwing       | 1 2 |  2.0
Fighting       | 1 2 3 4 5 |  5.5
Short Blades   | 2 3 4 6 7 8 |  8.2
Dodging        | 3 4 5 6 |  6.6
Spellcasting   | 3 4 5 6 7 9 10 11 | 11.4
Shields        | 1 |  1.5
Poison Magic   | 3 4 |  4.1
Air Magic      | 1 |  1.2
Transmutations | 2 |  2.4
Fire Magic     | 1 2 |  2.1
Translocations | 1 |  1.0
Conjurations   | |  0.5

Action                     |  1- 3 |  4- 6 |  7- 9 | 10-12 | 13-15 || total
---------------------------+-------+-------+-------+-------+-------++-------
  Melee: Dagger            |    89 |    41 |   205 |    53 |       ||   388
         Bite              |     3 |     2 |    26 |    55 |    37 ||   123
         Punch             |       |     1 |     3 |     9 |       ||    13
         Quick blade       |       |       |       |   402 |   267 ||   669
  Throw: Dart              |    30 |    12 |     2 |     5 |     7 ||    56
   Cast: Ensorcelled Hiber |    11 |    29 |    76 |   219 |    16 ||   351
         Confusing Touch   |       |       |    11 |    11 |     8 ||    30
         Gell's Gravitas   |       |       |       |     7 |     2 ||     9
         Dazzling Flash    |       |       |       |     2 |     7 ||     9
         Tukima's Dance    |       |       |       |     2 |     3 ||     5
         Ignite Poison     |       |       |       |       |    25 ||    25
         Olgreb's Toxic Ra |       |       |       |       |    22 ||    22
         Poisonous Vapours |       |       |       |       |    13 ||    13
 Invoke: Shadow Step       |       |       |       |     9 |     1 ||    10
Ability: Exsanguinate      |       |       |     1 |     1 |       ||     2
  Evoke: Phantom mirror    |       |       |       |     1 |       ||     1
    Use: Scroll            |       |       |     7 |    15 |     4 ||    26
   Stab: Sleeping          |    22 |    15 |    55 |   137 |    51 ||   280
         Distracted        |     1 |       |     1 |     2 |       ||     4
         Confused          |       |       |    10 |    11 |     8 ||    29
         Invisible         |       |       |       |     2 |     3 ||     5
 Armour: Robe              |     8 |     8 |    41 |    41 |    13 ||   111
         Animal skin       |       |       |       |       |    15 ||    15
  Dodge: Dodged            |    49 |    28 |   169 |   288 |   133 ||   667
  Block: Buckler           |       |       |       |    13 |    68 ||    81

Table legend: (Time is in decaauts)
 A = Elapsed time spent in this place.
 B = Non-inter-level travel time spent in this place.
 C = Inter-level travel time spent in this place.
 D = Time resting spent in this place.
 E = Time spent auto-exploring this place.
 F = Levels seen in this place.
 G = Mean time per level.
                   A        B        C        D        E       F      G
               +--------+--------+--------+--------+--------+-----+--------+
         Total |  19601 |  18991 |    610 |   5025 |   8608 |  18 | 1088.9 |
       Dungeon |  12883 |  12356 |    527 |   3044 |   6004 |  11 | 1171.2 |
        Temple |     78 |     68 |     10 |      0 |     55 |   1 |   78.0 |
          Lair |   4626 |   4553 |     73 |    993 |   2269 |   4 | 1156.5 |
        Bailey |   1118 |   1118 |      0 |    582 |    143 |   1 | 1118.0 |
      Gauntlet |    894 |    894 |      0 |    406 |    137 |   1 |  894.0 |
               +--------+--------+--------+--------+--------+-----+--------+

Top non-repeatable levels by time:
     D:9: 2211 daAuts
     D:8: 1990 daAuts
  Lair:3: 1518 daAuts
  Lair:1: 1400 daAuts
  Lair:2: 1392 daAuts
     D:7: 1390 daAuts
     D:5: 1337 daAuts
  Bailey: 1118 daAuts
     D:4: 1012 daAuts
    D:10: 965 daAuts
     D:6: 941 daAuts
    D:11: 937 daAuts
     D:3: 932 daAuts
Gauntlet: 894 daAuts
     D:2: 593 daAuts
